 Dungeon Crawl Stone Soup version 0.29.0-7-g18a832c13a (webtiles) character file.

Game seed: 17128184318805189345

1703 Gabide the Magician (level 8, -3/48 HPs)
             Began as a Deep Elf Venom Mage on Aug 30, 2022.
             Was a Follower of Sif Muna.
             Slain by a cyclops (23 damage)
             ... on level 7 of the Dungeon.
             The game lasted 00:21:29 (9186 turns).

Gabide the Magician (Deep Elf Venom Mage)           Turns: 9186, Time: 00:21:30

Health: -3/48      AC:  7    Str:  5    XL:     8   Next: 73%
Magic:  25/28      EV: 12    Int: 29    God:    Sif Muna [*.....]
Gold:   275        SH:  5    Dex: 15    Spells: 13/19 levels left

rFire   . . .      SeeInvis .   g - +0 whip (elec)
rCold   . . .      Faith    .   (no shield)
rNeg    . . .      Spirit   .   u - +0 leather armour
rPois   .          Reflect  +   (no helmet)
rElec   .          Harm     .   z - +2 cloak
rCorr   .          Rampage  .   (no gloves)
Will    .....                   E - +0 pair of boots
Stlth   ++........              H - amulet of reflection
HPRegen 0.16/turn               i - +6 ring of intelligence
MPRegen 0.21/turn               a - ring of magical power

@: no status effects
A: no striking features
a: Renounce Religion, Channel Magic


You were on level 7 of the Dungeon.
You worshipped Sif Muna.
Sif Muna was aware of your devotion.
You visited 1 branch of the dungeon, and saw 7 of its levels.

You collected 275 gold pieces.

Inventory:

Hand Weapons
 c - a +0 dagger
 g - a +0 whip of electrocution (weapon)
 B - a +1 spear of venom
Armour
 u - a +0 leather armour (worn)
 z - a +2 cloak (worn)
 E - a +0 pair of boots (worn)
Jewellery
 a - a ring of magical power (right hand)
 h - a ring of protection from cold
 i - a +6 ring of intelligence (left hand)
 l - a ring of willpower
 y - a ring of poison resistance
 A - a +6 ring of strength
 G - a +4 ring of slaying
 H - an amulet of reflection (around neck)
Wands
 n - a wand of charming (5)
 D - a wand of flame (21)
Scrolls
 d - a scroll of blinking
 f - a scroll of noise
 j - a scroll of immolation {unknown}
 o - a scroll of fear {unknown}
 q - a scroll of brand weapon {unknown}
 r - a scroll of poison {unknown}
 s - a scroll of enchant armour {unknown}
 t - a scroll of amnesia {unknown}
 w - a scroll of enchant weapon {unknown}
 C - 3 scrolls of teleportation {unknown}
 F - a scroll of silence {unknown}
 I - a scroll of torment {unknown}
Potions
 b - a potion of magic
 e - a potion of cancellation
 k - a potion of haste
 m - a potion of resistance
 p - a potion of curing
 v - a potion of lignification
 x - 3 potions of attraction {unknown}


   Skills:
 + Level 3.7 Fighting
 - Level 2.0 Maces & Flails
 + Level 4.4 Dodging
 - Level 3.0 Stealth
 - Level 6.0 Spellcasting
 - Level 2.0 Conjurations
 - Level 2.0 Transmutations
 - Level 6.0 Air Magic
 - Level 6.0 Poison Magic


You had 13 spell levels left.
You knew the following spells:

 Your Spells              Type           Power      Damage    Failure   Level
a - Sting                 Tmut/Pois      100%       1d8       1%          1
b - Poisonous Vapours     Pois/Air       86%        N/A       1%          2
c - Mephitic Cloud        Conj/Pois/Air  35%        N/A       4%          3

Your spell library contained the following spells:

 Spells                   Type           Power      Damage    Failure   Level
 Magic Dart               Conj           80%        1d7       4%          1
 Olgreb's Toxic Radiance  Pois           43%        N/A       8%          4
 Slow                     Hex            32%        N/A       10%         1
 Call Imp                 Summ           8%         N/A       14%         2
 Scorch                   Fire           16%        2d5       14%         2
 Confusing Touch          Hex            8%         N/A       28%         3
 Gell's Gravitas          Tloc           8%         N/A       28%         3
 Portal Projectile        Hex/Tloc       16%        N/A       28%         3
 Teleport Other           Tloc           8%         N/A       28%         3
 Tukima's Dance           Hex            8%         N/A       28%         3
 Vampiric Draining        Necr           8%         2d6       28%         3
 Flame Wave               Conj/Fire      14%        2d6       52%         4
 Blade Hands              Tmut           10%        N/A       75%         5
 Dispersal                Tloc           4%         N/A       100%        6
 Summon Cactus Giant      Summ           4%         N/A       100%        6


Dungeon Overview and Level Annotations

Branches:
Dungeon (7/15)             Temple (0/1) D:7

Altars:
Kikubaaqudgha
Makhleb
Nemelex Xobeh
Sif Muna
Trog
Uskayaw
Wu Jian
Zin

Annotations:
D:7 2 transporters


Message History

Okay, then.
Unknown command.
Okay, then.
Okay, then.
Okay, then.
Unknown command.
The sting hits the cyclops.
The cyclops is poisoned.
The cyclops is lightly wounded.
The cyclops shouts!
The sting hits the cyclops.
The cyclops looks even sicker.
The cyclops is lightly wounded.
The cyclops hits you!
The sting hits the cyclops.
The cyclops looks even sicker.
The cyclops is lightly wounded.
The cyclops barely misses you.
The sting hits the cyclops but does no damage.
The cyclops looks as sick as possible!
The cyclops is lightly wounded.
You hit the cyclops but do no damage.
The cyclops is moderately wounded.
The cyclops hits you but does no damage.
You hit the cyclops.
The cyclops is moderately wounded.
The cyclops misses you.
You hit the cyclops but do no damage. Lightning courses through the cyclops!
The cyclops is severely wounded.
A sky beast comes into view.
You block the cyclops's attack.
The sting hits the cyclops but does no damage.
The cyclops looks as sick as possible!
The cyclops is severely wounded.
The sky beast flickers out of sight!
Deactivating autopickup; reactivate with Ctrl-A.
You hit the cyclops but do no damage.
The cyclops is almost dead.
The cyclops hits you!
You hit the cyclops but do no damage.
The cyclops is almost dead.
The cyclops hits you!!
You die...

##..#.......[[#...#
#...#W.#...#)$#...#
####.#.#8Y.#.#..8#..##
#......##yJ.©...##..#
#.##.#..#########...#
# #................#
.#.####.#####.##....##
......#.#####.##.####
#C@.........#
#{####......## #.#
##..≈≈≈..# #.#
....≈!≈..# #.#
##.≈≈≈..# . #.#
#......# .# #.##
######.# ..######.#..
#.# .#..#...#.## #<#


You could see a cyclops (extremely poisoned) and a shadow.

Vanquished Creatures
  A centaur warrior (D:7)
  A vampire mosquito (D:7)
  A centaur (D:6)
  A bullfrog (D:6)
  A necrophage (D:6)
  A gnoll sergeant (D:5)
  2 scorpions (D:5)
  A crimson imp (D:5)
  2 orc priests (D:6)
  2 jellies
  3 iguanas
  Terence (D:2)
  An orc wizard (D:6)
  16 gnolls
  5 adders
  A shadow imp (D:7)
  A white imp (D:5)
  2 ufetubi (D:7)
  3 worms (D:2)
  4 dart slugs
  8 orcs
  6 endoplasms
  5 giant cockroaches
  5 goblins
  6 hobgoblins
  3 jackals (D:1)
  5 kobolds
  3 quokkas
  A ball python (D:3)
  3 bats
  A frilled lizard (D:2)
  3 rats
99 creatures vanquished.

Vanquished Creatures (others)
  A gnoll bouda (D:6)
  A plant (D:6)
2 creatures vanquished.

Grand Total: 101 creatures vanquished

Notes
Turn   | Place    | Note
-------+----------+-------------------------------------------
     0 | D:1      | Gabide the Deep Elf Venom Mage began the quest for the Orb.
     0 | D:1      | Reached XP level 1. HP: 10/10 MP: 6/6
    51 | D:1      | Reached XP level 2. HP: 12/15 MP: 1/8
   207 | D:1      | Learned a level 2 spell: Poisonous Vapours
   368 | D:1      | Reached XP level 3. HP: 19/19 MP: 1/9
   783 | D:1      | Found a faded altar of an unknown god.
  1637 | D:2      | Noticed Terence
  1680 | D:2      | Killed Terence
  1681 | D:2      | Reached XP level 4. HP: 12/24 MP: 1/12
  1690 | D:2      | Reached skill level 1 in Fighting
  3193 | D:3      | Found an ornate altar of the Wu Jian Council.
  3286 | D:3      | Found a bloodstained altar of Trog.
  3314 | D:3      | Reached XP level 5. HP: 30/30 MP: 8/13
  3385 | D:3      | HP: 1/30 [gnoll/+0 whip (8)]
  4233 | D:4      | Found a shimmering blue altar of Sif Muna.
  4281 | D:4      | Became a worshipper of Sif Muna the Loreminder
  4562 | D:4      | Reached skill level 1 in Maces & Flails
  5045 | D:5      | Entered Level 5 of the Dungeon
  5045 | D:5      | Found a burning altar of Makhleb.
  5366 | D:5      | Reached XP level 6. HP: 25/37 MP: 0/14
  5439 | D:5      | Reached skill level 1 in Air Magic
  6255 | D:5      | Reached XP level 7. HP: 41/41 MP: 7/15
  6395 | D:5      | Reached * piety under Sif Muna
  6530 | D:5      | Found a sparkling altar of Nemelex Xobeh.
  6606 | D:5      | Learned a level 3 spell: Mephitic Cloud
  7116 | D:6      | Reached skill level 1 in Conjurations
  7932 | D:6      | Found a glowing silver altar of Zin.
  8004 | D:6      | Reached skill level 5 in Spellcasting
  8406 | D:7      | Noticed a cyclops
  8422 | D:7      | Found a staircase to the Ecumenical Temple.
  8582 | D:7      | Noticed a centaur warrior
  8614 | D:7      | Killed a centaur warrior
  8615 | D:7      | Reached XP level 8. HP: 21/46 MP: 1/19
  9030 | D:7      | Found a hide-covered altar of Uskayaw.
  9133 | D:7      | Found a transporter.
  9134 | D:7      | Found an ancient bone altar of Kikubaaqudgha.
  9135 | D:7      | Noticed a cyclops
  9154 | D:7      | Found a transporter.
  9186 | D:7      | Slain by a cyclops

Illustrated notes

Levels and vault maps discovered:
D:1:      heliophobic_arrival_enchanted_forest, layout_rooms,
          shapermc_ecumenical_altar_flowoftime
D:2:      cheibrodos_helix_gallery, layout_basic, minmay_misc_feat_square,
          nicolae_titane, uniq_terence
D:3:      layout_basic, mainiacjoe_overflow_chevrons, bloody_trog,
          chequers_serial_rivers_micro_a
D:4:      layout_gridville, amcnicky_altar_gilded, serial_bayou_lagoon_a,
          minmay_misc_feat_columns, nrook_mini_vaults
D:5:      layout_basic, bloody_makhleb, mainiacjoe_overflow_tiny_flanked,
          kennysheep_nondescript, minmay_fire_ice_demons
D:6:      layout_loops_ring, zin_statuary, serial_bayou_pond_e
D:7:      wad_pebble_path, layout_loops_ring, gammafunk_temple_overflow_arena,
          nicolae_tso_besieged_by_evil, overflow_temple_1_default,
          minmay_temple_entry_junction_2, corexii_item_surrounded_by_moat,
          minmay_three_doors

Skill      XL: |  1  2  3  4  5  6  7  8 |
---------------+-------------------------+-----
Stealth        | 3 |  3.0
Dodging        | 3 4 |  4.4
Transmutations | 2 |  2.0
Spellcasting   | 4 6 |  6.0
Poison Magic   | 4 6 |  6.0
Fighting       | 2 3 |  3.7
Maces & Flails | 2 |  2.0
Air Magic      | 3 6 |  6.0
Conjurations   | 2 |  2.0

Action                   |  1- 3 |  4- 6 |  7- 9 || total
-------------------------+-------+-------+-------++-------
Melee: Dagger            |     8 |    12 |     1 ||    21
       Whip              |       |     5 |    37 ||    42
 Cast: Sting             |    30 |   101 |    90 ||   221
       Poisonous Vapours |    35 |    46 |    18 ||    99
       Mephitic Cloud    |       |       |     9 ||     9
  Use: Scroll            |     1 |     5 |     1 ||     7
       Potion            |     1 |     3 |     3 ||     7
 Stab: Confused          |       |       |     2 ||     2
       Sleeping          |       |       |     1 ||     1
Armor: Robe              |       |     3 |       ||     3
       Leather armour    |       |     8 |    42 ||    50
       Skin              |       |       |     3 ||     3
Dodge: Dodged            |    12 |    57 |    60 ||   129
Block: Other             |       |       |     6 ||     6
